AoeStats
← TENTFS_JuanGar

Fortress

508560818Analyzed
4v4 RM · 11d ago on Sep 23, 2026· 58m 12s· 8 players
Game mode
Random Map
Map size
Huge
Population
200
Speed
Normal
Resources
Standard
Victory
Conquest
Starting age
Dark Age
Ending age
Imperial Age
RankedLock teamsTeams togetherTeam positionsShared explorationLock speedFull tech treeHidden civsTurbo modeCheats
Victory
Defeat
🇹🇼 Mongols · Taiwan
1352
+15
🇧🇷 Cumans · Brazil
1289
+17
🇺🇸 Franks · United States
1286
+18
🇧🇷 Danes · Brazil
1257
+18
🇲🇽 Maya · Mexico
1375
-19
🇲🇽 Saxons · Mexico
1312
-17
🇲🇽 Khmer · Mexico
1302
-16
🇲🇽 Celts · Mexico
1302
-16
jaclay65
7:03 Feudal Age
8:22 Feudal Age
9:18 Double-Bit Axe
12:16 Castle Age
11:36 Forging
11:18 Fletching
12:29 Gold Mining
13:20 Bow Saw
19:55 Husbandry
22:44 Wheelbarrow
21:54 Town Watch
23:38 Loom
25:15 Scale Barding Armor
25:20 Forging
25:05 Bodkin Arrow
27:18 Hand Cart
27:04 Town Patrol
27:23 Hand Cart
27:08 Town Patrol
28:41 Chain Barding Armor
28:56 Iron Casting
32:06 Imperial Age
30:05 Elite Skirmisher
30:40 Light Cavalry
38:00 Cavalier
42:40 Padded Archer Armor
47:18 Leather Archer Armor
48:04 Plate Barding Armor
48:29 Blast Furnace
48:31 Caravan
57:33 Ballistics
Mionel Lessi
5:21 Feudal Age
6:39 Wheelbarrow
5:46 Horse Collar
6:01 Double-Bit Axe
7:48 Loom
19:02 Castle Age
18:18 Town Watch
18:27 Stone Mining
18:27 Gold Mining
20:44 Bow Saw
20:37 Heavy Plow
21:15 Gold Shaft Mining
20:58 Hand Cart
22:18 Forging
22:13 Scale Barding Armor
22:20 Steppe Husbandry
22:57 Bloodlines
24:06 Iron Casting
31:50 Imperial Age
30:40 Chain Barding Armor
33:26 Plate Barding Armor
33:51 Blast Furnace
33:13 Conscription
32:15 Elite Steppe Lancer
34:08 Two-Man Saw
35:04 Crop Rotation
43:31 Light Cavalry
45:53 Caravan
47:10 Hussar
WOLF
1:15 Loom
8:03 Feudal Age
12:43 Castle Age
10:36 Double-Bit Axe
11:03 Horse Collar
12:06 Stone Mining
12:33 Gold Mining
32:10 Bow Saw
32:36 Heavy Plow
34:02 Fletching
36:26 Bodkin Arrow
38:53 Gold Shaft Mining
42:11 Imperial Age
42:24 Padded Archer Armor
43:28 Wheelbarrow
42:49 Onager
44:07 Drill
43:55 Heavy Scorpion
44:45 Bracer
45:01 Leather Archer Armor
46:15 Chemistry
45:35 Ballistics
46:36 Stone Shaft Mining
48:22 Siege Engineers
52:41 Husbandry
52:54 Bloodlines
54:03 Capped Ram
54:11 Light Cavalry
55:14 Siege Ram
55:48 Hussar
ZePablo
7:36 Feudal Age
8:52 Loom
11:41 Castle Age
9:29 Double-Bit Axe
11:54 Wheelbarrow
11:00 Horse Collar
12:41 Bow Saw
12:41 Heavy Plow
18:32 Squires
19:28 Scale Mail Armor
21:26 Chain Mail Armor
21:33 Arson
22:00 Forging
22:01 Hamask
23:40 Hand Cart
27:47 Imperial Age
28:06 Capped Ram
28:34 Elite Jomsviking
29:27 Siege Engineers
30:40 Conscription
31:30 Plate Mail Armor
31:35 Iron Casting
33:15 Northmen's Fury
33:33 Siege Ram
39:49 Blast Furnace
41:15 Heavy Scorpion
42:21 Ballistics
43:01 Chemistry
48:00 Caravan
50:33 Onager
52:19 Siege Onager
victorH
7:37 Feudal Age
11:59 Castle Age
9:56 Double-Bit Axe
10:14 Horse Collar
15:05 Wheelbarrow
18:09 Hand Cart
18:45 Padded Archer Armor
20:22 Fletching
21:38 Leather Archer Armor
26:06 Imperial Age
23:51 Bodkin Arrow
24:50 Ballistics
24:51 Thumb Ring
26:14 Cranequins
26:58 Bracer
27:22 Heavy Mounted Crossbowman
29:58 Chemistry
30:40 Ring Archer Armor
31:26 Loom
32:44 Bow Saw
32:34 Heavy Plow
35:00 Scale Mail Armor
35:52 Forging
36:43 Chain Mail Armor
38:19 Plate Mail Armor
38:25 Iron Casting
41:19 Fortified Wall
44:17 Crop Rotation
44:48 Two-Man Saw
47:23 Capped Ram
48:49 Siege Ram
51:29 Siege Engineers
54:08 Heavy Scorpion
TENTFS_JuanGar
5:45 Loom
7:58 Feudal Age
12:18 Castle Age
10:51 Double-Bit Axe
21:54 Horse Collar
22:31 Bow Saw
26:36 Wheelbarrow
39:56 Forging
40:46 Pikeman
44:02 Iron Casting
43:27 Scale Mail Armor
Srta Nesbit
9:09 Feudal Age
13:07 Castle Age
11:34 Horse Collar
11:43 Double-Bit Axe
12:58 Bloodlines
13:17 Scale Barding Armor
19:13 Wheelbarrow
19:29 Chain Barding Armor
19:45 Forging
21:58 Bow Saw
22:06 Loom
22:19 Gold Mining
29:27 Imperial Age
27:46 Heavy Plow
28:27 Gold Shaft Mining
29:20 Hand Cart
29:17 Husbandry
30:53 Plate Barding Armor
30:15 Stone Mining
29:59 Cavalier
32:04 Fletching
34:12 Crop Rotation
35:27 Iron Casting
36:39 Stone Shaft Mining
38:17 Conscription
38:42 Elite Ballista Elephant
40:34 Blast Furnace
39:21 Light Cavalry
42:11 Hussar
43:21 Siege Engineers
48:18 Chemistry
47:38 Ballistics
49:07 Coinage
49:27 Fortified Wall
55:39 Town Watch
El cochi
7:35 Feudal Age
11:39 Castle Age
12:24 Double-Bit Axe
12:20 Horse Collar
13:22 Wheelbarrow
12:32 Loom
20:14 Bow Saw
22:17 Forging
25:14 Imperial Age
23:01 Gold Mining
23:53 Iron Casting
22:59 Eagle Warrior
24:16 Scale Mail Armor
24:17 Arson
26:25 Holcans
26:49 Hand Cart
27:39 Elite Eagle Warrior
28:03 Capped Ram
29:29 Chain Mail Armor
29:28 Siege Ram
33:58 Blast Furnace
34:56 Conscription
50:38 Pikeman
53:19 Halberdier
56:41 Plate Mail Armor
Connection lost

Rejoining the realm…

Still unreachable

The connection could not be restored.

Session expired

The server has moved on; the page needs a fresh start.